 Dungeon Crawl Stone Soup version 0.24-a0-537-g2d01d4ab0a (webtiles) character file.

Game seed: 16682033354120013606

102 MordorOrchid the Skirmisher (level 4, -1/29 HPs)
             Began as a Gargoyle Wanderer on Aug 14, 2019.
             Slain by a gnoll (4 damage)
             ... on level 2 of the Dungeon.
             The game lasted 00:06:44 (875 turns).

MordorOrchid the Skirmisher (Gargoyle Wanderer)      Turns: 875, Time: 00:06:45

Health: -1/29      AC:  9    Str: 18    XL:     4   Next: 78%
Magic:  4/4        EV: 10    Int: 11    God:
Gold:   93         SH:  0    Dex:  9    Spells: 3/3 levels left

rFire    . . .     SeeInvis .   a - +2 hand axe
rCold    . . .     Gourm    .   (no shield)
rNeg     + . .     Faith    .   p - +0 ring mail
rPois    ∞         Spirit   .   (no helmet)
rElec    +         Reflect  .   (no cloak)
rCorr    +         Harm     .   (no gloves)
MR       .....                  (no boots)
Stlth    ..........             (no amulet)
HPRegen  0.09/turn              h - ring of resist corrosion
MPRegen  0.09/turn              (no ring)

@: no status effects
A: negative energy resistance 1, electricity resistance, unbreathing,
petrification resistance, rot immunity, AC +3
a: no special abilities


You were on level 2 of the Dungeon.
You were not hungry.

You visited 1 branch of the dungeon, and saw 2 of its levels.

You collected 93 gold pieces.

Inventory:

Hand Weapons
 a - a +2 hand axe (weapon)
 l - a +0 hunting sling
Missiles
 d - 18 arrows
 e - 38 bolts
 n - 2 throwing nets
 r - 34 stones
 w - 13 poisoned darts (quivered)
Armour
 p - a +0 ring mail (worn)
 s - a +0 chain mail
 v - a +0 scale mail
Jewellery
 h - a ring of resist corrosion (left hand)
Scrolls
 c - a scroll of teleportation
 g - 2 scrolls of enchant weapon {unknown}
 i - 2 scrolls of remove curse {unknown}
 j - a scroll of fog {unknown}
 k - a scroll of random uselessness {unknown}
 m - a scroll of noise {unknown}
 o - a scroll of immolation {unknown}
 u - a scroll of magic mapping {unknown}
Potions
 b - 2 potions of curing
 t - a potion of degeneration {unknown}
Comestibles
 f - 4 rations
 q - 5 chunks of flesh


   Skills:
 - Level 4.1 Fighting
 + Level 3.3 Axes
   Level 1.0 Staves
 - Level 1.0 Throwing
 * Level 2.2 Armour
 - Level 1.0 Dodging
   Level 1.0 Evocations


You had 3 spell levels left.
You didn't know any spells.
Your spell library was empty.

Dungeon Overview and Level Annotations

Branches:
Dungeon (2/15)

Altars:
Elyvilon
Fedhas
Nemelex Xobeh
Uskayaw
Vehumet
Wu Jian


Innate Abilities, Weirdness & Mutations

You are resistant to torment.
Your stone body is resilient. (AC +3)
You are immune to poison.
You resist negative energy. (rN+)
You are resistant to electric shocks. (rElec)
You can survive without breathing.
You are immune to petrification.
You are immune to rotting.


Message History

You barely miss the gnoll.
The gnoll throws a throwing net.
The throwing net hits you.
You become entangled in the net!
The gnoll hits you.
* * * LOW HITPOINT WARNING * * *
Unknown command.
You tear a large gash into the net.
The gnoll hits you but does no damage.
You struggle against the net.
The gnoll hits you but does no damage. The gnoll hits you.
* * * LOW HITPOINT WARNING * * *
You rip the net and break free!
The gnoll hits you but does no damage. x2
Throwing (i - inventory. (/) - cycle)
w - 14 poisoned darts (quivered)
Press: ? - help, Shift-Dir - straight line, f/p - gnoll
Aim: a gnoll You throw a poisoned dart.
The poisoned dart barely misses the gnoll.
The poisoned dart hits the gnoll.
The gnoll is severely wounded.
The gnoll hits you.
* * * LOW HITPOINT WARNING * * *
The gnoll hits you.
You die...

######## #######
#......# #.....#
#.####.#
#.###.#####.# #.##
#†##........####...
#.##..####..##>....
#.@#... ...##.....
##g##.# #.####....#
#g##.# #. #.....
#(##.# #. #.....
#r..)# #. ###...#
####r............#
.r.!##........#
##.#... .......#
#.#.#.##......#


You could see 2 gnolls and a rat.

Vanquished Creatures
  Jessica (D:2)
  Terence (D:2)
  2 gnolls (D:2)
  A dart slug (D:2)
  4 bats
  A giant cockroach (D:1)
  3 goblins
  7 hobgoblins
  5 kobolds
  3 frilled lizards
  9 rats
37 creatures vanquished.

Notes
Turn   | Place    | Note
-------+----------+-------------------------------------------
     0 | D:1      | MordorOrchid the Gargoyle Wanderer began the quest for the
                  | Orb.
     0 | D:1      | MordorOrchid set off with the following items: a +2 hand
                  | axe, a potion of curing, a scroll of teleportation, a +0
                  | robe, a ration
     0 | D:1      | Reached XP level 1. HP: 14/14 MP: 1/1
    54 | D:1      | Reached XP level 2. HP: 12/19 MP: 2/2
   287 | D:2      | Found a sparkling altar of Nemelex Xobeh.
   288 | D:2      | Found a hide-covered altar of Uskayaw.
   288 | D:2      | Found an ornate altar of the Wu Jian Council.
   291 | D:2      | Found a blossoming altar of Fedhas.
   327 | D:2      | Noticed Jessica
   333 | D:2      | Killed Jessica
   333 | D:2      | Reached skill level 4 in Fighting
   333 | D:2      | Reached XP level 3. HP: 22/24 MP: 3/3
   563 | D:2      | Found a white marble altar of Elyvilon.
   563 | D:2      | Found a radiant altar of Vehumet.
   694 | D:2      | Reached XP level 4. HP: 28/29 MP: 4/4
   733 | D:2      | Noticed Terence
   742 | D:2      | Killed Terence
   875 | D:2      | Slain by a gnoll

Levels and vault maps discovered:
D:1:      lordsloth_arrival_two_stooges, layout_rooms
D:2:      layout_basic, grunt_temple_overflow_open,
          gammafunk_temple_overflow_elements, uniq_jessica, uniq_terence

Skill      XL: |  1  2  3  4 |
---------------+-------------+-----
Axes           | 2 3 |  3.3
Fighting       | 4 |  4.1
Armour         | 2 |  2.2
Staves         | |  1.0
Throwing       | |  1.0
Dodging        | |  1.0
Evocations     | |  1.0

Action                   |  1- 3 |  4- 6 || total
-------------------------+-------+-------++-------
Melee: Hand axe          |    83 |    18 ||   101
Throw: Dart              |       |     3 ||     3
Armor: Robe              |    18 |       ||    18
       Ring mail         |    10 |    16 ||    26
Dodge: Dodged            |    38 |     6 ||    44

Table legend:
 A = Non-vault XP
 B = Vault XP
 C = Vault XP percentage of total XP
 D = Non-vault monster count
 E = Vault monster count
 F = Vault count percentage of total count
                 A         B        C        D         E       F
            +---------+---------+-------+---------+---------+-------
      Total |      78 |      69 |  46.9 |      35 |       2 |   5.4
            +---------+---------+-------+---------+---------+-------
        D:1 |      28 |       0 |   0.0 |      19 |       0 |   0.0
        D:2 |      50 |      69 |  58.0 |      16 |       2 |  11.1
            +---------+---------+-------+---------+---------+-------
